 Dungeon Crawl Stone Soup version 0.27-b1-16-g6517624069 (webtiles) character file.

Game seed: 4129650649761270554

149 ubername the Chiller (level 5, -1/36 HPs)
             Began as a Barachi Ice Elementalist on July 26, 2021.
             Was a Follower of Okawaru.
             Slain by a bullfrog skeleton (6 damage)
             ... on level 4 of the Dungeon.
             The game lasted 00:12:50 (3895 turns).

ubername the Chiller (Barachi Ice Elementalist)     Turns: 3895, Time: 00:12:50

Health: -1/36      AC:  3    Str:  9    XL:     5   Next: 31%
Magic:  9/9        EV: 12    Int: 16    God:    Okawaru [*.....]
Gold:   112        SH:  0    Dex: 13    Spells: 3/10 levels left

rFire    + . .     SeeInvis .   k - +0 short sword
rCold    + . .     Faith    .   (no shield)
rNeg     . . .     Spirit   .   a - +0 robe
rPois    +         Reflect  .   (no helmet)
rElec    +         Harm     .   i - +0 cloak
rCorr    +         Rampage  .   (no gloves)
Will     .....                  (no boots)
Stlth    +.........             (no amulet)
HPRegen  0.12/turn              (no ring)
MPRegen  0.11/turn              (no ring)

@: brilliant, silenced (expiring), resistant, unable to hop, slow
A: amphibious, slowness 1, strong legs 1, +LOS
a: Hop, Renounce Religion


You were on level 4 of the Dungeon.
You worshipped Okawaru.
Okawaru was aware of your devotion.
You visited 1 branch of the dungeon, and saw 4 of its levels.

You collected 112 gold pieces.

Inventory:

Hand Weapons
 k - a +0 short sword (weapon)
Missiles
 b - 8 boomerangs (quivered)
 e - 6 sling bullets
Armour
 a - a +0 robe (worn)
 i - a +0 cloak (worn)
Magical Staves
 l - a staff of conjuration
Jewellery
 r - a +4 ring of evasion
 t - a ring of poison resistance
Wands
 n - a wand of polymorph (16)
Scrolls
 c - a scroll of silence
 d - a scroll of enchant armour {unknown}
 g - a scroll of amnesia {unknown}
 h - 3 scrolls of teleportation {unknown}
 j - 3 scrolls of identify {unknown}
 p - a scroll of blinking {unknown}
 q - 2 scrolls of enchant weapon {unknown}
 s - a scroll of noise {unknown}


   Skills:
 + Level 0.8 Fighting
 + Level 0.4 Short Blades
 + Level 1.0 Throwing
 + Level 2.4 Dodging
 + Level 2.3 Stealth
 + Level 3.0 Spellcasting
 * Level 1.1 Conjurations
 + Level 6.0 Ice Magic
 * Level 1.1 Earth Magic


You had 3 spell levels left.
You knew the following spells:

 Your Spells              Type           Power      Damage    Failure   Level
a - Freeze                Ice            100%       1d11      1%          1
b - Frozen Ramparts       Ice            64%        1d8       4%          3
c - Ozocubu's Armour      Ice            32%        N/A       4%          3

Your spell library contained the following spells:

 Spells                   Type           Power      Damage    Failure   Level
 Stone Arrow              Conj/Erth      18%        3d8       34%         3
 Hailstorm                Conj/Ice       20%        3d6       38%         4
 Animate Armour           Summ/Erth      12%        N/A       82%         4
 Lehudib's Crystal Spear  Conj/Erth      4%         10d3      100%        8


Dungeon Overview and Level Annotations

Branches:
Dungeon (4/15)
 Temple: D:4-7

Altars:
Okawaru

Annotations:
D:3 1 runed translucent door, Crazy Yiuf
D:4 Ijyb


Innate Abilities, Weirdness & Mutations

You are amphibious.
You cover ground slowly.
You can hop short distances.
You have an extended range of vision and can be seen from far away.


Message History

Ijyb hits you but does no damage.
The bullfrog skeleton closely misses you.
Ijyb zaps a wand.
The puff of flame hits you.
Your icy armour melts away.
You resist.
* * * LOW HITPOINT WARNING * * *
The bullfrog skeleton barely misses you.
You feel less invigorated.
You feel less confused. Ijyb completely misses you.
The bullfrog skeleton barely misses you.
The bullfrog skeleton misses you. Ijyb hits you with a +0 dagger.
* * * LOW HITPOINT WARNING * * *
The bullfrog skeleton hits you but does no damage.
It was a potion of brilliance.
You feel clever all of a sudden. Ijyb hits you but does no damage.
The bullfrog skeleton barely misses you.
You cannot cast spells when silenced!
You hit Ijyb but do no damage.
Ijyb is severely wounded.
Ijyb barely misses you. The bullfrog skeleton hits you.
* * * LOW HITPOINT WARNING * * *
You cannot cast spells when silenced!
Hop to where?
Press: ? - help, Dir - move target, p - Ijyb Boing!
You aren't carrying any potions.
Magic scrolls do not work when you're silenced!
Aiming: Polymorph
Press: ? - help, Shift-Dir - straight line, f - bullfrog skeleton
Aim: a bullfrog skeleton (moderately damaged, not susceptible)
The bullfrog skeleton is unaffected.
You closely miss Ijyb.
Ijyb is severely wounded.
Ijyb zaps a wand.
The puff of flame misses you.
You hit Ijyb but do no damage.
Ijyb is severely wounded.
Ijyb hits you but does no damage. The bullfrog skeleton hits you.
You die...

#......#....####.....##........
......##....)........#..#......
......#........................
.........#.#..#.....###.#.###..
..[....#####..####..###.#.# ##.
....... #..###.#..##....## ##
.......#####...............###.
.#........#.Z...............##
#..........g@........#......#
..?####.w###.......##.##...
#...## ..........####.
..........# #..##.....# #.
#####.#..## .........### #.
#...... #...^.....#.##.
#....... ....##.....#.
#........ ##.####......
.......... #. #......


You could see Ijyb, a worm and a bullfrog skeleton.

Vanquished Creatures
  A centaur zombie (D:3)
  A hound (D:4)
  2 adders
  A worm (D:1)
  2 orcs (D:3)
  3 bats
  6 endoplasms
  5 giant cockroaches
  6 goblins
  5 hobgoblins
  5 jackals
  10 kobolds
  A quokka (D:1)
  4 ball pythons
  2 frilled lizards
  2 rats
56 creatures vanquished.

Notes
Turn   | Place    | Note
-------+----------+-------------------------------------------
     0 | D:1      | ubername the Barachi Ice Elementalist began the quest for
                  | the Orb.
     0 | D:1      | Reached XP level 1. HP: 13/13 MP: 3/3
    71 | D:1      | Found a faded altar of an unknown god.
    93 | D:1      | Became a worshipper of Warmaster Okawaru
    93 | D:1      | Reached * piety under Okawaru
   117 | D:1      | Reached skill level 5 in Ice Magic
   365 | D:1      | Reached XP level 2. HP: 19/19 MP: 3/5
  1052 | D:1      | Reached XP level 3. HP: 24/24 MP: 3/6
  1056 | D:1      | Learned a level 3 spell: Frozen Ramparts
  1580 | D:2      | Reached skill level 1 in Throwing
  2291 | D:3      | Found a runed translucent door.
  2292 | D:3      | Noticed Crazy Yiuf
  2594 | D:3      | Reached XP level 4. HP: 29/31 MP: 3/7
  3498 | D:4      | Learned a level 3 spell: Ozocubu's Armour
  3528 | D:4      | Reached skill level 1 in Conjurations
  3528 | D:4      | Reached skill level 1 in Earth Magic
  3528 | D:4      | Reached XP level 5. HP: 36/36 MP: 2/9
  3639 | D:4      | Reached skill level 6 in Ice Magic
  3862 | D:4      | Noticed Ijyb
  3882 | D:4      | HP: 1/36 [Ijyb/puff of flame (6)]
  3895 | D:4      | Slain by a bullfrog skeleton

Illustrated notes

Levels and vault maps discovered:
D:1:      nzn_arrival_depleted_hourglass, layout_basic, basic_ecumenical_altar
D:2:      layout_loops_ring
D:3:      layout_basic, hangedman_decor_growths, uniq_crazy_yiuf_cottage
D:4:      layout_cave_pools, kennysheep_orc_sif_temple, uniq_ijyb

Skill      XL: |  1  2  3  4  5 |
---------------+----------------+-----
Ice Magic      | 5 6 |  6.0
Stealth        | 2 |  2.3
Throwing       | 1 |  1.0
Spellcasting   | 3 |  3.0
Conjurations   | 1 |  1.1
Earth Magic    | 1 |  1.1
Fighting       | |  0.8
Short Blades   | |  0.4
Dodging        | |  2.4

Action                   |  1- 3 |  4- 6 || total
-------------------------+-------+-------++-------
Melee: Dagger            |    20 |       ||    20
       Short sword       |     6 |    40 ||    46
Throw: Boomerang         |     8 |     2 ||    10
 Cast: Freeze            |    50 |     2 ||    52
       Frozen Ramparts   |     3 |    11 ||    14
       Ozocubu's Armour  |       |     2 ||     2
Invok: Heroism           |     1 |       ||     1
 Abil: Hop               |       |     2 ||     2
Evoke: Wand              |       |     1 ||     1
  Use: Potion            |       |     3 ||     3
       Scroll            |       |     1 ||     1
Armor: Robe              |    22 |    38 ||    60
Dodge: Dodged            |    45 |    57 ||   102
